 Dungeon Sprint DCSS version 0.22-a0-81-g7478db5 (webtiles) character file.

6543 Kidiri the Protected (level 11, -1/76 HPs)
             Began as a Gargoyle Fighter on Jan 18, 2018.
             Was a High Priest of Okawaru.
             Killed from afar by a red draconian (22 damage)
             ... with a searing blast
             ... in the Dungeon (Sprint V: "Ziggurat Sprint").
             The game lasted 00:06:20 (727 turns).

Kidiri the Protected (Gargoyle Fighter)              Turns: 727, Time: 00:06:22

Health: -1/76      AC: 40    Str: 34    XL:     11   Next: 1%
Magic:  0/17       EV:  9    Int:  8    God:    Okawaru [*****.]
Gold:   0          SH: 34    Dex:  9    Spells: 10/10 levels left

rFire    . . .     SeeInvis .   I - +6 shillelagh "Devastator" {shatter}
rCold    . . .     Gourm    .   H - +18 shield of the Gong {rElec rN+ MR+ EV-5}
rNeg     + + .     Faith    .   G - +15 Maxwell's patent armour {-Cast -Tele rElec MR+ rCorr}
rPois    ∞         Spirit   +   (no helmet)
rElec    +         Reflect  .   (no cloak)
rCorr    +         Harm     .   (no gloves)
MR       ++...     NoTele   +   (no boots) Stlth ..........NoCast +
                                c - amulet of guardian spirit
HPRegen  0.22/turn              A - +6 ring of strength
MPRegen  0.15/turn              B - +6 ring of strength

@: heroism, finesse
A: negative energy resistance 1, electricity resistance, weak 1, unbreathing,
petrification resistance, rot immunity, AC +8
a: Heroism, Finesse, Renounce Religion


You were in the Dungeon.
You worshipped Okawaru.
Okawaru was extremely pleased with you.
You were full.

You visited 1 branch

Inventory:

Hand Weapons
 I - the +6 shillelagh "Devastator" (weapon) {shatter}
   (You found it in the Dungeon)
Armour
 G - the +15 Maxwell's patent armour (worn) {-Cast -Tele rElec MR+ rCorr}
   (You found it in the Dungeon)

   It insulates you from electricity.
   It affects your resistance to hostile enchantments.
   It prevents spellcasting.
   It prevents most forms of teleportation.
   It protects you from acid and corrosion.
 H - the +18 shield of the Gong (worn) {rElec rN+ MR+ EV-5}
   (You found it in the Dungeon)

   It affects your evasion (-5).
   It insulates you from electricity.
   It protects you from negative energy.
   It affects your resistance to hostile enchantments.
Jewellery
 b - the amulet of the Distant Future {Inacc Fragile rF+ Dex+3}
   (You found it in the Dungeon)

   [amulet of inaccuracy]

   It reduces the accuracy of all your attacks.
   It affects your dexterity (+3).
   It protects you from fire.
   It will be destroyed if unequipped.
 c - an amulet of guardian spirit (around neck)
 o - an uncursed ring of wizardry
 w - a +6 ring of dexterity
 x - a +6 ring of dexterity
 y - the ring of the Sturgeon {Fire MR+}
   (You found it in the Dungeon)

   [ring of fire]

   It enhances your fire magic.
   It protects you from fire.
   It makes you vulnerable to cold.
   It affects your resistance to hostile enchantments.
 A - a +6 ring of strength (left hand)
 B - a +6 ring of strength (right hand)
Wands
 C - a wand of disintegration (7)
 D - a wand of iceblast (7)
 E - a wand of acid (7)
Scrolls
 k - 4 scrolls of blinking
 q - 4 scrolls of amnesia
 r - 7 scrolls of fog
 s - a scroll of holy word
 t - 5 scrolls of identify
 u - 5 scrolls of remove curse
 v - 2 scrolls of fear
 z - a scroll of brand weapon
Potions
 d - 6 potions of might
 e - 10 potions of curing
 g - 10 potions of heal wounds
 h - 6 potions of haste
 i - 7 potions of magic
 j - 3 potions of berserk rage
 l - 2 potions of brilliance
 m - 2 potions of invisibility
 n - 4 potions of resistance
 p - 5 potions of agility
Comestibles
 a - 13 chunks of flesh
 f - 6 rations


   Skills:
 * Level 12.5(17.5) Fighting
 * Level 11.4(16.4) Maces & Flails
 * Level 12.5(17.5) Armour
 + Level 6.6(11.6) Dodging
 * Level 12.5(17.5) Shields
 + Level 8.3 Invocations
 + Level 6.9 Evocations


You had 10 spell levels left.
You didn't know any spells.

Dungeon Overview and Level Annotations

Branches:
Dungeon (1/1)

Altars:
Ashenzari
Cheibriados
Dithmenos
Elyvilon
Fedhas
Gozag
Hepliaklqana
Kikubaaqudgha
Makhleb
Nemelex Xobeh
Okawaru
Qazlal
Ru
Sif Muna
Trog
Uskayaw
Vehumet
Wu Jian
Xom
Yredelemnul
Zin
The Shining One
Beogh
Jiyva
Lugonu


Innate Abilities, Weirdness & Mutations

You are resistant to torment.
Your stone body is resilient. (AC +8)
You are immune to poison.
You resist negative energy. (rN+)
You are resistant to electric shocks. (rElec)
You can survive without breathing.
You are immune to petrification.
You are immune to rotting.
You are weak. (Str -2)


Message History

A green draconian, a red draconian, 2 white draconians and a draconian stormcaller come into view.
The red draconian roars!
The green draconian roars!
The red draconian stormcaller roars!
The white draconian roars!
You hear a roar! x2
The red draconian stormcaller calls down the wrath of Qazlal upon you.
Qazlal smites you!
Found five items.
A black draconian, a yellow draconian and a white draconian come into view.
There are monsters nearby!
Unknown command.
You can now deal lightning-fast blows.
The white draconian roars!
You gain the combat prowess of a mighty hero.
The white draconian breathes frost at you.
The chilling blast hits you!
Ouch! That really hurt!
* * * LOW HITPOINT WARNING * * *
The red draconian breathes flames at you.
The searing blast hits you!
You die...

▓..)})):..▓
▓..)dd}d..▓...}|[[..▓
▓...d.d...▓.........▓
▓..d.qd...▓.........▓
▓...dd....▓.........▓
▓.........▓.).......▓
▓.........▓.▓)))).▓.▓
▓.▓.....▓.▓....©....▓
▓....@....▓▓▓▓▓▓▓▓▓▓▓
▓▓▓▓▓▓▓▓▓▓▓


You could see a black draconian, a yellow draconian, a green draconian, 2
draconians, 4 draconians and a red draconian stormcaller.

Vanquished Creatures
  A shining eye (D)
  An eye of devastation (D)
  A spiny frog (D)
  A naga mage (D)
  3 merfolk (D)
  2 hornets (D)
  A slime creature (D)
  7 spriggans (D)
  3 wyverns (D)
  A yak (D)
  A naga (D)
  A water moccasin (D)
  A hell hound (D)
  An acid dragon (D)
  2 porcupines (D)
  2 floating eyes (D)
  2 swamp drakes (D)
  2 black bears (D)
  8 wolves (D)
  A jelly (D)
  An orc priest (D)
  An iguana (D)
  2 orc wizards (D)
  2 ufetubi (D)
  An ooze (D)
  2 orcs (D)
  A bat skeleton (D)
  A jackal (D)
  3 ball pythons (D)
56 creatures vanquished.

Notes
Turn   | Place    | Note
-------+----------+-------------------------------------------
     0 | D        | Found the +6 Majin-Bo {vamp, Archmagi MP+6 Int+6}
     0 | D        | Found the +7 great mace "Firestarter" {inner flame, rF++}
     0 | D        | Kidiri the Gargoyle Fighter began the quest for the Orb.
     0 | D        | Reached XP level 1. HP: 14/14 MP: 1/1
     0 | D        | Found a deep blue altar of Sif Muna.
     0 | D        | Found a sacrificial altar of Ru.
     0 | D        | Found a bloodstained altar of Trog.
     0 | D        | Found a stormy altar of Qazlal.
     0 | D        | Found an iron altar of Okawaru.
     0 | D        | Found a sparkling altar of Nemelex Xobeh.
     0 | D        | Found a blossoming altar of Fedhas.
     2 | D        | Found a transporter.
     2 | D        | Found an ancient bone altar of Kikubaaqudgha.
     2 | D        | Found a viscous altar of Jiyva.
     2 | D        | Found a corrupted altar of Lugonu.
     2 | D        | Found a hazy altar of Hepliaklqana.
     2 | D        | Found a burning altar of Makhleb.
     2 | D        | Found an opulent altar of Gozag.
    19 | D        | Found the +9 heavy crossbow "Sniper" {velocity, Acc+∞ SInv}
    19 | D        | Found the +10 dark maul {crush}
    19 | D        | Found the +15 Maxwell's patent armour {-Cast -Tele rElec MR+ rCorr}
    19 | D        | Found the +18 shield of the Gong {rElec rN+ MR+ EV-5}
    19 | D        | Found the cursed +14 obsidian axe {chop, +Fly SInv *Curse}
    20 | D        | Found the +6 shillelagh "Devastator" {shatter}
    20 | D        | Found the +11 plutonium sword {*Contam Stlth-}
    20 | D        | Found the +8 lance "Wyrmbane" {slay drac, rPois rF+ rC+ AC+3}
    20 | D        | Found the +9 sword of Zonguldrok {reap}
    20 | D        | Found the cursed +13 scythe of Curses {drain, *Curse}
    20 | D        | Found the +0 sword of Power
    20 | D        | Found the +11 mace of Variability {chaos}
    20 | D        | Found the +7 Singing Sword
    20 | D        | Found the +7 longbow "Piercer" {penet, EV-2}
    64 | D        | Became a worshipper of Warmaster Okawaru
   102 | D        | Reached skill level 5 in Fighting
   102 | D        | Reached skill level 5 in Armour
   102 | D        | Reached skill level 1 in Dodging
   102 | D        | Reached skill level 5 in Shields
   102 | D        | Reached XP level 2. HP: 21/21 MP: 2/2
   108 | D        | Entered arena 2.
   108 | D        | Noticed a wolf
   108 | D        | Noticed a wolf
   108 | D        | Found a transporter.
   112 | D        | Killed a wolf
   112 | D        | Reached * piety under Okawaru
   112 | D        | Reached skill level 1 in Invocations
   112 | D        | Reached skill level 1 in Evocations
   112 | D        | Reached XP level 3. HP: 27/27 MP: 2/4
   112 | D        | Reached XP level 4. HP: 32/32 MP: 2/5
   114 | D        | Killed a wolf
   114 | D        | Reached skill level 5 in Maces & Flails
   114 | D        | Reached XP level 5. HP: 37/37 MP: 2/7
   167 | D        | Entered arena 3.
   167 | D        | Noticed a merfolk
   167 | D        | Noticed a merfolk
   167 | D        | Noticed a merfolk
   167 | D        | Found a transporter.
   170 | D        | Killed a merfolk
   170 | D        | Reached ** piety under Okawaru
   170 | D        | Reached XP level 6. HP: 44/44 MP: 5/8
   181 | D        | Killed a merfolk
   181 | D        | Reached *** piety under Okawaru
   181 | D        | Reached XP level 7. HP: 38/50 MP: 6/10
   190 | D        | Killed a merfolk
   198 | D        | Got the amulet of the Distant Future {Inacc Fragile rF+ Dex+3}
   257 | D        | Entered arena 4.
   257 | D        | Found a transporter.
   264 | D        | Reached skill level 5 in Invocations
   264 | D        | Reached XP level 8. HP: 56/56 MP: 8/11
   283 | D        | Entered arena 5.
   283 | D        | Noticed a spriggan
   283 | D        | Noticed a spriggan
   283 | D        | Found a transporter.
   286 | D        | Killed a spriggan
   286 | D        | Reached **** piety under Okawaru
   286 | D        | Killed a spriggan
   309 | D        | Entered arena 6.
   309 | D        | Found a transporter.
   430 | D        | Entered arena 7.
   430 | D        | Noticed a naga mage
   431 | D        | Found a transporter.
   436 | D        | Reached skill level 10 in Fighting
   436 | D        | Reached skill level 10 in Armour
   436 | D        | Reached skill level 10 in Shields
   436 | D        | Reached XP level 9. HP: 62/62 MP: 10/13
   437 | D        | Killed a naga mage
   437 | D        | Reached ***** piety under Okawaru
   437 | D        | Reached skill level 5 in Dodging
   437 | D        | Reached skill level 5 in Evocations
   460 | D        | Entered arena 8.
   461 | D        | Found a transporter.
   534 | D        | Entered arena 9.
   534 | D        | Noticed a shining eye
   534 | D        | Noticed an eye of devastation
   535 | D        | Found a transporter.
   540 | D        | Paralysed by a floating eye for 2 turns
   545 | D        | Gained mutation: You are weak. (Str -2) [a shining eye]
   551 | D        | Killed a shining eye
   551 | D        | Reached skill level 10 in Maces & Flails
   551 | D        | Reached XP level 10. HP: 66/70 MP: 8/15
   557 | D        | Killed an eye of devastation
   562 | D        | Got the ring of the Sturgeon {Fire MR+}
   616 | D        | Entered arena 10.
   616 | D        | Noticed a spiny frog
   622 | D        | Killed a spiny frog
   628 | D        | Found a transporter.
   671 | D        | Entered arena 11.
   671 | D        | Noticed a spriggan rider
   671 | D        | Noticed a spriggan rider
   675 | D        | Found a transporter.
   684 | D        | Killed a spriggan rider
   693 | D        | Reached ****** piety under Okawaru
   693 | D        | Reached XP level 11. HP: 76/76 MP: 9/17
   725 | D        | Entered arena 12.
   725 | D        | Noticed a red draconian
   725 | D        | Noticed a green draconian
   725 | D        | Noticed a white draconian
   725 | D        | Noticed a red draconian stormcaller
   725 | D        | Noticed a white draconian
   726 | D        | Noticed a yellow draconian
   726 | D        | Noticed a black draconian
   726 | D        | Noticed a white draconian
   727 | D        | Killed from afar by a red draconian

Vault maps used:
D:        sprint_v

Skill      XL: |  1  2  3  4  5  6  7  8  9 10 |
---------------+-------------------------------+-----
Fighting       | 5 6 7 8 9 10 11 12 | 12.5
Maces & Flails | 3 4 5 6 7 8 10 11 | 11.4
Armour         | 5 6 7 8 9 10 11 12 | 12.5
Dodging        | 1 2 3 4 5 6 |  6.6
Shields        | 5 6 7 8 9 10 11 12 | 12.5
Invocations    | 1 2 3 4 5 6 7 8 |  8.3
Evocations     | 1 2 3 4 5 6 |  6.9

Action                   |  1- 3 |  4- 6 |  7- 9 | 10-12 || total
-------------------------+-------+-------+-------+-------++-------
Melee: Shillelagh        |     4 |     6 |    46 |    27 ||    83
Invok: Heroism           |       |     1 |     6 |     3 ||    10
       Finesse           |       |       |     2 |     3 ||     5
  Use: Potion            |     1 |       |       |       ||     1
  Eat: Ration            |     1 |       |       |       ||     1
Armor: Plate armour      |     3 |     9 |    11 |     9 ||    32
Dodge: Dodged            |       |       |     4 |     1 ||     5
Block: Shield            |     8 |    13 |    49 |    21 ||    91

Table legend:
 A = Spawn XP
 B = Non-spawn XP
 C = Spawn XP percentage of total XP
 D = Spawn monster count
 E = Non-spawn monster count
 F = Spawn count percentage of total count
 G = Total turns spent on level
                    A         B        C        D         E        F      G
               +---------+---------+-------+---------+---------+-------+---------
         Total |       0 |    9338 |   0.0 |       0 |      56 |   0.0 |   727
               +---------+---------+-------+---------+---------+-------+---------
             D |       0 |    9338 |   0.0 |       0 |      56 |   0.0 |   727
               +---------+---------+-------+---------+---------+-------+---------
